 Dungeon Crawl Stone Soup version 0.18-a0-1800-gdc7a371 (webtiles) character file.

15 M4edhros the Grave Robber (level 2, -4/17 HPs)
             Began as an Octopode Necromancer on Apr 24, 2016.
             Slain by an adder (5 damage)
             ... on level 2 of the Dungeon.
             The game lasted 00:01:04 (236 turns).

M4edhros the Grave Robber (Octopode Necromancer)     Turns: 236, Time: 00:01:05

Health: -4/17      AC:  1    Str:  7    XL:     2   Next: 50%
Magic:  1/5        EV: 12    Int: 17    God:
Gold:   0          SH:  0    Dex: 12    Spells: 1 memorised, 4 levels left

rFire  . . .     SeeInvis .       - Unarmed
rCold  . . .     Gourm    .     (no shield)
rNeg   . . .     Faith    .     (helmet restricted)
rPois  .         Spirit   .     (no amulet)
rElec  .         Dismiss  .     (no ring)
rCorr  .         Reflect  .     (no ring)
SustAt .         Harm     .     (no ring)
MR     .....                    (no ring)
Stlth  +++.......               (no ring)
                                (no ring)
                                (no ring)
                                (no ring)

@: not resistant to hostile enchantments, fairly stealthy
A: almost no armour, amphibious, 8 rings, constrict 8, camouflage 1, gelatinous
body 1
a: no special abilities


You were on level 2 of the Dungeon.
You were not hungry.

You visited 1 branch of the dungeon, and saw 2 of its levels.

Inventory:

Missiles
 f - 22 sling bullets
 j - 24 stones (quivered)
Scrolls
 e - a scroll of identify {unknown}
 g - a scroll of amnesia {unknown}
 h - a scroll of immolation {unknown}
Potions
 c - a potion of mutation {unknown}
 d - a potion of cure mutation {unknown}
 i - a potion of degeneration {unknown}
Books
 a - a book of Necromancy

   Spells                             Type                      Level
   a - Pain                           Necromancy                   1
   b - Animate Skeleton               Necromancy                   1
   c - Vampiric Draining              Necromancy                   3
   d - Regeneration                   Charms/Necromancy            3
   e - Animate Dead                   Necromancy                   4
   f - Control Undead                 Necromancy                   4
Comestibles
 b - a bread ration


   Skills:
 - Level 2.0 Dodging
 - Level 2.6 Stealth
 + Level 2.0 Unarmed Combat
 - Level 2.0 Spellcasting
 - Level 4.0 Necromancy


You had 4 spell levels left.
You knew the following spells:

 Your Spells              Type           Power        Failure   Level  Hunger
a - Pain                  Necr           ###.         3%          1    #......


Dungeon Overview and Level Annotations

Branches:
Dungeon (2/15)

Altars:
The Shining One


Innate Abilities, Weirdness & Mutations

You cannot wear most types of armour.
You are amphibious.
You can wear up to eight rings at the same time.
You can use your tentacles to constrict eight enemies at once.
Your skin changes colour to match your surroundings (Stealth).
Your rubbery body absorbs attacks (AC +1).


Message History

The adder convulses in agony!
Casting: Pain
Confirm with . or Enter, or press ? or * to list all spells.
Aiming: Pain
Press: ? - help, Shift-Dir - straight line, f/p - adder
Aim: an adder (lightly wounded, chance to defeat MR: 80%)
The adder convulses in agony!
Casting: Pain
Confirm with . or Enter, or press ? or * to list all spells.
Aiming: Pain
Press: ? - help, Shift-Dir - straight line, f/p - adder
Aim: an adder (lightly wounded, chance to defeat MR: 80%)
The adder convulses in agony!
Casting: Pain
Confirm with . or Enter, or press ? or * to list all spells.
Aiming: Pain
Press: ? - help, Shift-Dir - straight line, f/p - adder
Aim: an adder (moderately wounded, chance to defeat MR: 80%)
The adder convulses in agony!
The adder bites you.
You die...

#.# #.#### ## #.##.###
.# #....#.# _.#
#......## ..#
#.#.....#### ###$###
#.##..)..#.####8...8###
#.##........##........#
#.#####........@S.....?
#.# ##.#.............
#.# ########.....#.#
##.# ###.#.# ...# ## #
####


You could see an adder.

Vanquished Creatures
  An ooze (D:2)
  A giant cockroach (D:1)
  3 goblins (D:1)
  A kobold (D:2)
  3 bats (D:1)
  2 rats (D:1)
11 creatures vanquished.

Notes
Turn   | Place    | Note
--------------------------------------------------------------
     0 | D:1      | M4edhros the Octopode Necromancer began the quest for the Orb.
     0 | D:1      | Reached XP level 1. HP: 11/11 MP: 3/3
    61 | D:1      | Reached skill level 1 in Unarmed Combat
    94 | D:1      | Reached XP level 2. HP: 2/17 MP: 0/5
   232 | D:2      | Found a glowing golden altar of the Shining One.
   236 | D:2      | Slain by an adder

Vault maps used:
D:1:      dpeg_arrival_subterranean_lakeside_camping
D:2:      nicolae_tso_carved_into_rock, hangedman_decor_riveting

Skill      XL: |  1  2 |
---------------+-------+-----
Unarmed Combat | 1 2 |  2.0
Dodging        | |  2.0
Stealth        | |  2.6
Spellcasting   | |  2.0
Necromancy     | |  4.0

Action                   || total
-------------------------++-------
Melee: Unarmed           ||    10
       Constrict         ||     4
       Tentacles         ||     1
 Cast: Pain              ||    18
Armor: Skin              ||     3
Dodge: Dodged            ||     7
